 Dungeon Crawl Stone Soup version 0.26-a0-505-g732bf3b8d2 (webtiles) character file.

Game seed: 14718084682916308800

238 Dragon00 the Chopper (level 5, 48/48 HPs)
             Began as a Minotaur Berserker on Feb 13, 2020.
             Was a Priest of Trog.
             Quit the game on level 6 of the Dungeon on Aug 9, 2020.
             The game lasted 00:08:21 (2591 turns).

Dragon00 the Chopper (Minotaur Berserker)           Turns: 2591, Time: 00:08:21

Health: 48/48      AC:  8    Str: 22    XL:     5   Next: 78%
Magic:  4/4        EV: 12    Int:  4    God:    Trog [***...]
Gold:   176        SH:  0    Dex: 10    Spells: 4/4 levels left

rFire    . . .     SeeInvis .   a - +0 hand axe
rCold    . . .     Faith    .   (no shield)
rNeg     . . .     Spirit   .   s - +0 ring mail
rPois    .         Reflect  .   (helmet restricted)
rElec    .         Harm     .   v - +0 cloak
rCorr    .                      l - +0 pair of gloves (curse)
MR       .....                  (no boots)
Stlth    ..........             (no amulet)
HPRegen  0.16/turn              (no ring)
MPRegen  0.09/turn              (no ring)

@: no status effects
A: retaliatory headbutt, horns 2
a: Berserk, Trog's Hand, Renounce Religion


You were on level 6 of the Dungeon.
You worshipped Trog.
Trog was most pleased with you.
You visited 1 branch of the dungeon, and saw 4 of its levels.

You collected 176 gold pieces.

Inventory:

Hand Weapons
 a - a +0 hand axe (weapon)
 b - a +0 hunting sling
Missiles
 d - 98 stones (quivered)
 n - 37 sling bullets
Armour
 l - a cursed +0 pair of gloves (worn)
 s - a +0 ring mail (worn)
 v - a +0 cloak (worn)
Jewellery
 u - an uncursed ring of fire {unknown}
Scrolls
 f - 4 scrolls of identify {unknown}
 h - 3 scrolls of magic mapping {unknown}
 i - a scroll of fear {unknown}
 k - a scroll of blinking {unknown}
 o - a scroll of remove curse {unknown}
 r - 3 scrolls of teleportation {unknown}
Potions
 e - 2 potions of haste {unknown}
 g - a potion of mutation {unknown}
 j - 3 potions of curing {unknown}
 m - 2 potions of lignification {unknown}
 p - 2 potions of might {unknown}
 t - a potion of resistance {unknown}
 w - a potion of heal wounds {unknown}
Comestibles
 c - 3 removed foods
 q - 2 removed foods


   Skills:
 * Level 5.1 Fighting
 * Level 5.1 Axes
 + Level 4.0 Armour
 + Level 3.6 Dodging


You had 4 spell levels left.
You didn't know any spells.
Your spell library was empty.

Dungeon Overview and Level Annotations

Branches:
Dungeon (3/15)

Altars:


Innate Abilities, Weirdness & Mutations

You reflexively headbutt those who attack you in melee.
You have a pair of horns on your head.


Message History

You open the door.
Found a stone staircase leading up.
There is an open door here.
You open the door.
You stumble into a teleport trap!
You are suddenly yanked towards a nearby monster!
Your surroundings suddenly seem different.
A quokka comes into view.
Found 5 boomerangs.
The quokka barely misses you.
You barely miss the quokka. You headbutt the quokka.
You kill the quokka!
Trog accepts your kill.
Saving game... please wait.
Welcome back, Dragon00 the Minotaur Berserker.
Trog says: Kill them all!
Press ? for a list of commands and other information.
Quiver which item? (- for none, * to show all) (? for menu, Esc to quit)
Okay, then.
Okay, then.
Are you sure you want to abandon this character and quit the game? (Confirm with "yes".)

▓▓▓▓▓▓▓▓ ...
▓......▓▓..
▓.........
▓..(..... ▓▓
▓....... ...
▓......▓ ....
▓......▓▓.....
▓.........^.▓
▓.....@.....▓
▓......▓▓...▓
▓▓▓▓▓▓▓▓ ...▓
.... .▓▓ .▓


There were no monsters in sight!

Vanquished Creatures
  A scorpion (D:3)
  Crazy Yiuf (D:2)
  Jessica (D:2)
  Robin (D:2)
  2 gnolls (D:1)
  2 adders
  An ooze (D:2)
  A dart slug (D:1)
  An orc (D:3)
  6 bats
  3 giant cockroaches
  22 goblins
  8 hobgoblins
  8 jackals
  8 kobolds
  A quokka (D:6)
  3 frilled lizards
  2 rats
72 creatures vanquished.

Notes
Turn   | Place    | Note
-------+----------+-------------------------------------------
     0 | D:1      | Dragon00 the Minotaur Berserker began the quest for the
                  | Orb.
     0 | D:1      | Reached XP level 1. HP: 19/19 MP: 0/0
    21 | D:1      | Reached XP level 2. HP: 27/27 MP: 1/1
   127 | D:1      | Reached XP level 3. HP: 23/33 MP: 2/2
   743 | D:1      | Reached ** piety under Trog
   999 | D:2      | Noticed Jessica
  1011 | D:2      | Killed Jessica
  1011 | D:2      | Reached XP level 4. HP: 41/41 MP: 3/3
  1178 | D:2      | Noticed Robin
  1433 | D:2      | Killed Robin
  1533 | D:2      | Reached *** piety under Trog
  1748 | D:2      | Reached XP level 5. HP: 47/47 MP: 4/4
  1953 | D:2      | Found a runed translucent door.
  1954 | D:2      | Noticed Crazy Yiuf
  2093 | D:2      | Killed Crazy Yiuf
  2430 | D:3      | Reached skill level 5 in Fighting
  2430 | D:3      | Reached skill level 5 in Axes
  2580 | D:3      | You fall into a shaft and drop 3 floors!
  2581 | D:6      | Upgraded the game from 0.25-a0-503-ge281fa673e to
                  | 0.25-a0-583-g696c2ac64d
  2591 | D:6      | Upgraded the game from 0.25-a0-583-g696c2ac64d to
                  | 0.26-a0-505-g732bf3b8d2
  2591 | D:6      | Quit the game

Illustrated notes

Levels and vault maps discovered:
D:1:      minmay_arrival_arboretum_large, layout_basic
D:2:      cheibrodos_greedy_goblins, layout_basic, uniq_crazy_yiuf_cottage,
          uniq_jessica, uniq_robin
D:3:      minmay_angry_zag, layout_rooms, first_ration
D:6:      layout_gridville, serial_shops, shop, uniq_grinder, uniq_blork_the_orc

Skill      XL: |  1  2  3  4  5 |
---------------+----------------+-----
Fighting       | 4 5 |  5.1
Axes           | 4 5 |  5.1
Armour         | 3 4 |  4.0
Dodging        | 3 |  3.6

Action                   |  1- 3 |  4- 6 || total
-------------------------+-------+-------++-------
Melee: Hand axe          |    63 |    66 ||   129
       Headbutt          |    13 |    12 ||    25
 Fire: Hunting sling     |       |    10 ||    10
Throw: Stone             |       |     5 ||     5
Invok: Berserk           |     1 |       ||     1
       Trog's Hand       |     1 |       ||     1
  Eat: Removed food      |     1 |     6 ||     7
Armor: Animal skin       |    10 |     5 ||    15
       Ring mail         |       |    13 ||    13
Dodge: Dodged            |    37 |    51 ||    88

Table legend: (Time is in decaauts)
 A = Elapsed time spent in this place.
 B = Non-inter-level travel time spent in this place.
 C = Inter-level travel time spent in this place.
 D = Time resting spent in this place.
 E = Time spent auto-exploring this place.
 F = Levels seen in this place.
 G = Mean time per level.
                   A        B        C        D        E       F      G
               +--------+--------+--------+--------+--------+-----+--------+
         Total |   2604 |   2541 |     63 |    758 |   1337 |   4 |  651.0 |
       Dungeon |   2604 |   2541 |     63 |    758 |   1337 |   4 |  651.0 |
               +--------+--------+--------+--------+--------+-----+--------+
